Hurricanes vs Rangers

Created - November 7, 2015 at 11:35

Goals
1 2 3 T
Hurricanes 0 0 1 1
Rangers 3 1 0 4
Shots
1 2 3 T
Hurricanes 5 7 8 20
Rangers 9 20 5 34

1st period

1. Rangers , Tyler Ennis 4 (Benoit Pouliot, Alex Goligoski) at 8:53
2. Rangers , Eric Brewer 1 (Sean Couturier, Matt Calvert) at 9:31
3. Rangers , Lance Bouma 1 (Cedric Paquette, Eric Brewer) at 12:21

Penalties :
Matt Calvert (NYR) for Interference (Minor) at 1:18

2nd period

4. Rangers , Matt Calvert 2 (Chris Tanev, Karl Alzner) at 15:09

Penalties :
Tomas Tatar (NYR) for Interference (Minor) at 3:10, Ben Lovejoy (CAR) for Interference (Minor) at 5:45, Alex Chiasson (CAR) for Elbowing (Minor) at 10:16, Nick Foligno (CAR) for Hooking (Minor) at 15:33, Michael Frolik (CAR) for Hooking (Minor) at 19:00

3rd period

5. Hurricanes , Brian Boyle 1 (Alexander Killorn, Brooks Orpik) at 7:51

Penalties :
Tomas Tatar (NYR) for Slashing (Minor) at 9:35

Goalie Stats

Sergei Bobrovsky (CAR), 30 saves from 34 shots - (0.882), L, 2-10-1, 60:00 minutes
Brian Elliott (NYR), 19 saves from 20 shots - (0.950), W, 8-8-0, 60:00 minutes

Players Stats for Hurricanes

Player Name              G  A  P  +/- PIM S  H  SB GA TA FO     MP     PP MP  PK MP  
------------------------------------------------------------------------------------
Alex Chiasson            0  0  0  -1  2   1  0  0  0  0  0/0    10:48   0:00   0:00 
Alexander Killorn        0  1  1   0  0   1  0  0  0  0  5/7     5:19   0:00   0:11 
Ben Lovejoy              0  0  0  -2  2   0  3  1  0  0  0/0    20:47   2:24   1:58 
Brad Richardson          0  0  0  -1  0   2  3  0  0  0  0/1    16:48   2:09   0:00 
Brian Boyle              1  0  1   0  0   1  0  0  0  0  0/0     5:08   0:00   0:00 
Brian Strait             0  0  0  -1  0   0  3  1  0  0  0/0    13:19   0:00   0:23 
Brooks Orpik             0  1  1   0  0   3  2  1  0  0  0/0    25:26   3:33   5:08 
Bryan Little             0  0  0  -1  0   2  0  1  0  0  15/27  19:19   3:48   0:00 
Dustin Byfuglien         0  0  0   0  0   0  2  4  0  0  0/0    24:40   2:24   5:33 
James Neal               0  0  0  -1  0   5  3  0  0  0  2/4    19:40   3:48   0:21 
James Wisniewski         0  0  0  -2  0   0  2  1  0  0  0/0    19:18   0:00   2:50 
Keith Yandle             0  0  0  -1  0   0  0  1  0  0  0/0    16:29   3:33   0:00 
Leo Komarov              0  0  0  -1  0   0  1  0  0  0  6/7    10:49   0:00   0:00 
Michael Frolik           0  0  0  -1  2   1  1  0  0  0  0/0    17:52   2:09   1:05 
Nick Foligno             0  0  0  -1  2   2  8  0  0  0  6/12   23:17   3:48   3:59 
Patrick Maroon           0  0  0  -1  0   1  0  0  0  0  2/4    13:02   0:00   2:13 
Scott Gomez              0  0  0  -1  0   0  0  0  0  0  10/20  19:40   2:09   2:52 
Shawn Matthias           0  0  0   0  0   1  0  0  0  0  0/0    10:19   0:00   5:11 

Players Stats for Rangers

Player Name              G  A  P  +/- PIM S  H  SB GA TA FO     MP     PP MP  PK MP  
------------------------------------------------------------------------------------
Alex Goligoski           0  1  1   1  0   0  2  1  0  0  0/0    25:16   4:23   2:50 
Anton Volchenkov         0  0  0   1  0   0  0  0  0  0  0/0    13:56   0:00   0:00 
Benoit Pouliot           0  1  1   1  0   3  0  1  0  0  0/0    19:14   3:17   0:00 
Brad Richards            0  0  0   0  0   0  0  0  0  0  1/3     4:03   0:00   0:03 
Cedric Paquette          0  1  1   0  0   0  0  0  0  0  0/0     7:48   0:00   3:48 
Chris Tanev              0  1  1   1  0   2  0  0  0  0  0/0    20:48   3:33   3:07 
Craig Smith              0  0  0   2  0   2  0  0  0  0  0/0    10:20   0:00   0:00 
David Jones              0  0  0   1  0   4  3  0  0  0  0/0    19:14   3:17   0:00 
Eric Brewer              1  1  2   1  0   4  0  1  0  0  0/0    13:56   0:00   0:00 
Jaromir Jagr             0  0  0   0  0   2  0  0  0  0  1/2    20:29   4:39   0:00 
Karl Alzner              0  1  1   1  0   0  3  1  0  0  0/0    20:48   3:33   3:07 
Kris Russell             0  0  0   1  0   1  2  2  0  0  0/0    25:16   4:23   2:50 
Lance Bouma              1  0  1   0  0   2  0  0  0  0  0/0     6:09   0:00   2:09 
Matt Calvert             1  1  2   2  2   2  2  2  0  0  1/2    10:19   0:00   0:00 
Mikael Backlund          0  0  0   0  0   3  1  0  0  0  1/1    22:38   4:39   2:09 
Sean Couturier           0  1  1   2  0   3  0  0  0  0  10/18  14:05   0:00   3:45 
Tomas Tatar              0  0  0   0  4   5  0  0  0  0  11/30  20:27   4:39   0:00 
Tyler Ennis              1  0  1   1  0   1  1  0  0  0  11/26  19:14   3:17   0:00 

3 Stars

1 - Matt Calvert (NYR)
2 - Eric Brewer (NYR)
3 - Brian Elliott (NYR)

Power Play

Hurricanes - 0 on 3 Attempt(s) - 0.00%
Rangers - 0 on 4 Attempt(s) - 0.00%

Penalty Kill

Hurricanes - 4 on 4 Attempt(s) - 100.00% - Score 0 goal in Penalty Kill
Rangers - 3 on 3 Attempt(s) - 100.00% - Score 0 goal in Penalty Kill

Team Stat

Hurricanes - Hits : 28 - Faceoff Wins : 46 - Blocked Shots : 10 - Penalty Minutes : 8
Rangers - Hits : 14 - Faceoff Wins : 36 - Blocked Shots : 8 - Penalty Minutes : 6

Official

Referees : Rob Martell and Kyle Rehman
Linesman : Michel Cormier and Ryan Galloway

Game Notes

No Game Note

Finance

Level 1 -- Attendance: 4383 (67.43%) -- Ticket Income $547,875
Level 2 -- Attendance: 4738 (94.76%) -- Ticket Income $355,350
Level 3 -- Attendance: 3484 (99.54%) -- Ticket Income $174,200
Level 4 -- Attendance: 2006 (100.00%) -- Ticket Income $50,150
Luxury Box -- Attendance: 663 (66.30%) -- Ticket Income $165,750
Game was played at the Madison Square Garden.
Total Attendance: 15274 (84.83%)
Total Ticket Income: $1,293,325
Other Income: $193,999
Total Income: $1,487,324

% Time on Ice - Hurricanes

Lines # - Real PCT - Wanted PCT - Time Play
Normal Forward
1 - 34% - 40% - 15:31
2 - 32% - 30% - 14:39
3 - 23% - 20% - 10:49
4 - 11% - 10% - 5:08
Normal Defense
1 - 34% - 40% - 15:45
2 - 36% - 30% - 16:26
3 - 28% - 20% - 12:56
4 - 2% - 10% - 1:00
PP Forward
1 - 64% - 60% - 3:48
2 - 36% - 40% - 2:09
PP Defense
1 - 60% - 60% - 3:33
2 - 40% - 40% - 2:24
PK Forward
1 - 75% - 60% - 5:58
2 - 25% - 40% - 1:58
PK Defense
1 - 59% - 60% - 4:43
2 - 41% - 40% - 3:13
PK3 Forward
1 - 0% - 60%
2 - 0% - 40%
PK3 Defense
1 - 0% - 60%
2 - 0% - 40%
44 Forward
1 - 0% - 60%
2 - 0% - 40%
44 Defense
1 - 0% - 60%
2 - 0% - 40%
Last Minute Offensive  - 0:00
Last Minute Defensive  - 0:00
Total
Forward - 60:00
Defense - 60:00

% Time on Ice - Rangers

Lines # - Real PCT - Wanted PCT - Time Play
Normal Forward
1 - 34% - 40% - 15:50
2 - 35% - 30% - 15:57
3 - 22% - 20% - 10:20
4 - 9% - 10% - 4:00
Normal Defense
1 - 37% - 40% - 17:17
2 - 31% - 30% - 14:08
3 - 30% - 20% - 13:56
4 - 2% - 10% - 0:46
PP Forward
1 - 59% - 60% - 4:39
2 - 41% - 40% - 3:17
PP Defense
1 - 55% - 60% - 4:23
2 - 45% - 40% - 3:33
PK Forward
1 - 64% - 60% - 3:48
2 - 36% - 40% - 2:09
PK Defense
1 - 48% - 60% - 2:50
2 - 52% - 40% - 3:07
PK3 Forward
1 - 0% - 60%
2 - 0% - 40%
PK3 Defense
1 - 0% - 60%
2 - 0% - 40%
44 Forward
1 - 0% - 60%
2 - 0% - 40%
44 Defense
1 - 0% - 60%
2 - 0% - 40%
Last Minute Offensive  - 0:00
Last Minute Defensive  - 0:00
Total
Forward - 60:00
Defense - 60:00

Play by Play

1st period


0:01 of 1st period - Bryan Little wins face-off versus Jaromir Jagr in neutral zone.
0:04 of 1st period - Shot by Bryan Little.
0:04 of 1st period - Shot Misses the Net.
0:07 of 1st period - Icing by Alex Goligoski.
0:08 of 1st period - Tomas Tatar wins face-off versus Scott Gomez in Rangers zone.
0:27 of 1st period - Shot by Mikael Backlund.
0:27 of 1st period - Shot Misses the Net.
0:29 of 1st period - Shot by Alex Goligoski.
0:29 of 1st period - Shot Misses the Net.
0:31 of 1st period - Shot by Tomas Tatar.
0:31 of 1st period - Stopped by Sergei Bobrovsky without a rebound.
0:32 of 1st period - Leo Komarov wins face-off versus Tyler Ennis in Hurricanes zone.
0:37 of 1st period - Shot by Leo Komarov.
0:37 of 1st period - Deflect By Alex Chiasson.
0:37 of 1st period - Stopped by Brian Elliott without a rebound.
0:38 of 1st period - Sean Couturier wins face-off versus Bryan Little in Rangers zone.
1:05 of 1st period - Sean Couturier is hit by James Neal.
1:18 of 1st period - Minor Penalty to Matt Calvert for Interference.
1:19 of 1st period - Sean Couturier wins face-off versus Scott Gomez in Rangers zone.
2:23 of 1st period - Icing by Dustin Byfuglien.
2:24 of 1st period - Bryan Little wins face-off versus Sean Couturier in Hurricanes zone.
2:54 of 1st period - Shot by Nick Foligno.
2:54 of 1st period - Shot Misses the Net.
3:31 of 1st period - Tyler Ennis is hit by Brian Strait and loses puck.
6:22 of 1st period - Icing by Brian Strait.
6:23 of 1st period - Tyler Ennis wins face-off versus Bryan Little in Hurricanes zone.
7:25 of 1st period - Icing by Mikael Backlund.
7:26 of 1st period - Tomas Tatar wins face-off versus Scott Gomez in Rangers zone.
8:27 of 1st period - Shot by Patrick Maroon.
8:27 of 1st period - Stopped by Brian Elliott without a rebound.
8:28 of 1st period - Leo Komarov wins face-off versus Tyler Ennis in Rangers zone.
8:37 of 1st period - Shot by Benoit Pouliot.
8:37 of 1st period - Deflect By David Jones.
8:37 of 1st period - Shot Misses the Net.
8:41 of 1st period - Shot by Benoit Pouliot.
8:41 of 1st period - Stopped by Sergei Bobrovsky with a rebound.
8:43 of 1st period - Shot by Alex Goligoski.
8:43 of 1st period - Shot Misses the Net.
8:51 of 1st period - Shot by Benoit Pouliot.
8:51 of 1st period - Stopped by Sergei Bobrovsky with a rebound.
8:53 of 1st period - Shot by Tyler Ennis.
8:53 of 1st period - Goal by Tyler Ennis - Hurricanes : 0 - Rangers : 1.
8:54 of 1st period - Bryan Little wins face-off versus Matt Calvert in neutral zone.
9:17 of 1st period - Shot by Nick Foligno.
9:17 of 1st period - Shot Blocked by Matt Calvert.
9:29 of 1st period - Shot by Sean Couturier.
9:29 of 1st period - Shot Misses the Net.
9:31 of 1st period - Shot by Eric Brewer.
9:31 of 1st period - Goal by Eric Brewer - Hurricanes : 0 - Rangers : 2.
9:32 of 1st period - Scott Gomez wins face-off versus Tomas Tatar in neutral zone.
9:56 of 1st period - Michael Frolik is hit by Alex Goligoski and loses puck.
10:50 of 1st period - Icing by Karl Alzner.
10:51 of 1st period - Bryan Little wins face-off versus Tyler Ennis in Rangers zone.
12:05 of 1st period - Icing by Lance Bouma.
12:06 of 1st period - Brad Richards wins face-off versus Scott Gomez in Rangers zone.
12:11 of 1st period - Shot by Lance Bouma.
12:11 of 1st period - Stopped by Sergei Bobrovsky with a rebound.
12:19 of 1st period - Shot by Cedric Paquette.
12:19 of 1st period - Shot Blocked by Ben Lovejoy.
12:21 of 1st period - Shot by Lance Bouma.
12:21 of 1st period - Goal by Lance Bouma - Hurricanes : 0 - Rangers : 3.
12:22 of 1st period - Tomas Tatar wins face-off versus Alexander Killorn in neutral zone.
12:52 of 1st period - Icing by Dustin Byfuglien.
12:53 of 1st period - Alexander Killorn wins face-off versus Tyler Ennis in Hurricanes zone.
12:53 of 1st period - Alexander Killorn is hit by David Jones.
12:59 of 1st period - Shot by Tyler Ennis.
12:59 of 1st period - Shot Misses the Net.
13:09 of 1st period - Shot by Alexander Killorn.
13:09 of 1st period - Shot Misses the Net.
13:11 of 1st period - Shot by Shawn Matthias.
13:11 of 1st period - Stopped by Brian Elliott without a rebound.
13:12 of 1st period - Sean Couturier wins face-off versus Bryan Little in Rangers zone.
13:25 of 1st period - Shot by Bryan Little.
13:25 of 1st period - Stopped by Brian Elliott without a rebound.
13:26 of 1st period - Scott Gomez wins face-off versus Tomas Tatar in Rangers zone.
13:31 of 1st period - Shot by Brad Richardson.
13:31 of 1st period - Shot Misses the Net.
13:44 of 1st period - Shot by Mikael Backlund.
13:44 of 1st period - Deflect By Tomas Tatar.
13:44 of 1st period - Shot Blocked by Keith Yandle.
13:46 of 1st period - Shot by Tomas Tatar.
13:46 of 1st period - Deflect By Mikael Backlund.
13:46 of 1st period - Stopped by Sergei Bobrovsky without a rebound.
13:47 of 1st period - Bryan Little wins face-off versus Tyler Ennis in Hurricanes zone.
13:54 of 1st period - Shot by David Jones.
13:54 of 1st period - Stopped by Sergei Bobrovsky without a rebound.
13:55 of 1st period - Bryan Little wins face-off versus Tomas Tatar in Hurricanes zone.
14:00 of 1st period - Kris Russell is hit by Nick Foligno and loses puck.
14:30 of 1st period - Shot by Nick Foligno.
14:30 of 1st period - Shot Misses the Net.
14:58 of 1st period - Shot by Michael Frolik.
14:58 of 1st period - Stopped by Brian Elliott without a rebound.
14:59 of 1st period - Patrick Maroon wins face-off versus Tyler Ennis in Rangers zone.
15:24 of 1st period - Shot by Tyler Ennis.
15:24 of 1st period - Shot Misses the Net.
16:27 of 1st period - Shot by Brad Richardson.
16:27 of 1st period - Shot Blocked by Matt Calvert.
16:49 of 1st period - Shot by Craig Smith.
16:49 of 1st period - Shot Blocked by Dustin Byfuglien.
17:56 of 1st period - Shot by Shawn Matthias.
17:56 of 1st period - Deflect By Brian Boyle.
17:56 of 1st period - Shot Misses the Net.
18:06 of 1st period - Shot by Alexander Killorn.
18:06 of 1st period - Shot Blocked by Alex Goligoski.
18:33 of 1st period - Alex Chiasson is hit by Karl Alzner and loses puck.
18:56 of 1st period - Shot by Leo Komarov.
18:56 of 1st period - Shot Hit the Post.
19:01 of 1st period - Off-side.
19:02 of 1st period - Scott Gomez wins face-off versus Tyler Ennis in neutral zone.
19:25 of 1st period - Shot by Tyler Ennis.
19:25 of 1st period - Shot Misses the Net.
Goals for this period are 0 for Hurricanes vs 3 for Rangers.
Shots for this period are 5 for Hurricanes vs 9 for Rangers.

2nd period


0:01 of 2nd period - Bryan Little wins face-off versus Tomas Tatar in neutral zone.
0:21 of 2nd period - Shot by Nick Foligno.
0:21 of 2nd period - Shot Misses the Net.
0:29 of 2nd period - Shot by Nick Foligno.
0:29 of 2nd period - Shot Misses the Net.
0:31 of 2nd period - Shot by Brooks Orpik.
0:31 of 2nd period - Stopped by Brian Elliott without a rebound.
0:32 of 2nd period - Tyler Ennis wins face-off versus Scott Gomez in Rangers zone.
0:32 of 2nd period - Tyler Ennis is hit by Brad Richardson.
0:39 of 2nd period - Off-side.
0:40 of 2nd period - Scott Gomez wins face-off versus Sean Couturier in neutral zone.
1:07 of 2nd period - Shot by Brad Richardson.
1:07 of 2nd period - Stopped by Brian Elliott without a rebound.
1:08 of 2nd period - Bryan Little wins face-off versus Tomas Tatar in Rangers zone.
1:11 of 2nd period - Shot by Nick Foligno.
1:11 of 2nd period - Shot Blocked by Kris Russell.
1:39 of 2nd period - Shot by Nick Foligno.
1:39 of 2nd period - Shot Hit the Post.
1:45 of 2nd period - Shot by Bryan Little.
1:45 of 2nd period - Shot Misses the Net.
1:47 of 2nd period - Shot by Brooks Orpik.
1:47 of 2nd period - Shot Blocked by Kris Russell.
1:49 of 2nd period - Shot by James Neal.
1:49 of 2nd period - Stopped by Brian Elliott without a rebound.
1:50 of 2nd period - Leo Komarov wins face-off versus Tyler Ennis in Rangers zone.
2:04 of 2nd period - Off-side.
2:05 of 2nd period - Sean Couturier wins face-off versus Scott Gomez in neutral zone.
2:08 of 2nd period - Shot by Eric Brewer.
2:08 of 2nd period - Stopped by Sergei Bobrovsky with a rebound.
2:10 of 2nd period - Shot by Anton Volchenkov.
2:10 of 2nd period - Shot Misses the Net.
2:12 of 2nd period - Shot by Eric Brewer.
2:12 of 2nd period - Stopped by Sergei Bobrovsky without a rebound.
2:13 of 2nd period - Scott Gomez wins face-off versus Tyler Ennis in Hurricanes zone.
2:13 of 2nd period - Scott Gomez is hit by David Jones.
2:42 of 2nd period - Benoit Pouliot is hit by Brad Richardson and loses puck.
3:10 of 2nd period - Minor Penalty to Tomas Tatar for Interference.
3:11 of 2nd period - Bryan Little wins face-off versus Sean Couturier in Rangers zone.
3:42 of 2nd period - Shot by Brooks Orpik.
3:42 of 2nd period - Stopped by Brian Elliott without a rebound.
3:43 of 2nd period - Sean Couturier wins face-off versus Bryan Little in Rangers zone.
3:49 of 2nd period - Icing by Bryan Little.
3:50 of 2nd period - Bryan Little wins face-off versus Sean Couturier in Hurricanes zone.
4:19 of 2nd period - Karl Alzner is hit by James Neal and loses puck.
4:53 of 2nd period - Icing by Brooks Orpik.
4:54 of 2nd period - Sean Couturier wins face-off versus Scott Gomez in Hurricanes zone.
5:00 of 2nd period - Off-side.
5:01 of 2nd period - Mikael Backlund wins face-off versus James Neal in neutral zone.
5:45 of 2nd period - Minor Penalty to Ben Lovejoy for Interference.
5:46 of 2nd period - Tomas Tatar wins face-off versus Nick Foligno in Hurricanes zone.
6:06 of 2nd period - Shot by Jaromir Jagr.
6:06 of 2nd period - Stopped by Sergei Bobrovsky without a rebound.
6:07 of 2nd period - Nick Foligno wins face-off versus Tyler Ennis in Hurricanes zone.
6:07 of 2nd period - Nick Foligno is hit by Tyler Ennis.
6:35 of 2nd period - Shot by David Jones.
6:35 of 2nd period - Stopped by Sergei Bobrovsky without a rebound.
6:36 of 2nd period - Tomas Tatar wins face-off versus Nick Foligno in Hurricanes zone.
7:14 of 2nd period - James Wisniewski is hit by Mikael Backlund and loses puck.
7:44 of 2nd period - Shot by Benoit Pouliot.
7:44 of 2nd period - Shot Blocked by Dustin Byfuglien.
7:46 of 2nd period - Shot by Eric Brewer.
7:46 of 2nd period - Stopped by Sergei Bobrovsky with a rebound.
7:48 of 2nd period - Shot by Matt Calvert.
7:48 of 2nd period - Shot Misses the Net.
7:50 of 2nd period - Shot by Sean Couturier.
7:50 of 2nd period - Stopped by Sergei Bobrovsky without a rebound.
7:51 of 2nd period - Scott Gomez wins face-off versus Sean Couturier in Hurricanes zone.
7:56 of 2nd period - Matt Calvert is hit by Michael Frolik and loses puck.
8:10 of 2nd period - Shot by Brad Richardson.
8:10 of 2nd period - Shot Blocked by Karl Alzner.
8:43 of 2nd period - Icing by Michael Frolik.
8:44 of 2nd period - Tyler Ennis wins face-off versus Scott Gomez in Hurricanes zone.
8:45 of 2nd period - Shot by Benoit Pouliot.
8:45 of 2nd period - Stopped by Sergei Bobrovsky with a rebound.
9:06 of 2nd period - Off-side.
9:07 of 2nd period - Tomas Tatar wins face-off versus Bryan Little in neutral zone.
9:18 of 2nd period - Anton Volchenkov is hit by Nick Foligno and loses puck.
9:33 of 2nd period - Shot by Bryan Little.
9:33 of 2nd period - Shot Misses the Net.
9:35 of 2nd period - Shot by Nick Foligno.
9:35 of 2nd period - Shot Misses the Net.
9:39 of 2nd period - Shot by James Neal.
9:39 of 2nd period - Stopped by Brian Elliott without a rebound.
9:40 of 2nd period - Leo Komarov wins face-off versus Tyler Ennis in Rangers zone.
10:16 of 2nd period - Minor Penalty to Alex Chiasson for Elbowing.
10:17 of 2nd period - Nick Foligno wins face-off versus Tomas Tatar in Hurricanes zone.
10:44 of 2nd period - Shot by Chris Tanev.
10:44 of 2nd period - Stopped by Sergei Bobrovsky without a rebound.
10:45 of 2nd period - Tyler Ennis wins face-off versus Nick Foligno in Hurricanes zone.
10:56 of 2nd period - Shot by David Jones.
10:56 of 2nd period - Stopped by Sergei Bobrovsky without a rebound.
10:57 of 2nd period - Tomas Tatar wins face-off versus Nick Foligno in Hurricanes zone.
10:57 of 2nd period - Tomas Tatar is hit by Dustin Byfuglien.
10:59 of 2nd period - Shot by Jaromir Jagr.
10:59 of 2nd period - Shot Misses the Net.
11:01 of 2nd period - Shot by Kris Russell.
11:01 of 2nd period - Stopped by Sergei Bobrovsky with a rebound.
11:03 of 2nd period - Shot by Jaromir Jagr.
11:03 of 2nd period - Shot Misses the Net.
11:31 of 2nd period - Shot by Tomas Tatar.
11:31 of 2nd period - Stopped by Sergei Bobrovsky without a rebound.
11:32 of 2nd period - Nick Foligno wins face-off versus Tyler Ennis in Hurricanes zone.
11:59 of 2nd period - Shot by David Jones.
11:59 of 2nd period - Shot Misses the Net.
12:03 of 2nd period - Shot by Karl Alzner.
12:03 of 2nd period - Deflect By Tyler Ennis.
12:03 of 2nd period - Shot Blocked by James Wisniewski.
12:05 of 2nd period - Shot by Chris Tanev.
12:05 of 2nd period - Stopped by Sergei Bobrovsky without a rebound.
12:06 of 2nd period - Nick Foligno wins face-off versus Tomas Tatar in Hurricanes zone.
12:12 of 2nd period - Icing by Tomas Tatar.
12:13 of 2nd period - Nick Foligno wins face-off versus Tomas Tatar in Rangers zone.
12:28 of 2nd period - Shot by Sean Couturier.
12:28 of 2nd period - Stopped by Sergei Bobrovsky without a rebound.
12:29 of 2nd period - Bryan Little wins face-off versus Tomas Tatar in Hurricanes zone.
12:42 of 2nd period - Shot by Mikael Backlund.
12:42 of 2nd period - Shot Blocked by Dustin Byfuglien.
12:44 of 2nd period - Shot by Mikael Backlund.
12:44 of 2nd period - Stopped by Sergei Bobrovsky without a rebound.
12:45 of 2nd period - Leo Komarov wins face-off versus Tyler Ennis in Hurricanes zone.
12:45 of 2nd period - Leo Komarov is hit by David Jones.
12:52 of 2nd period - James Wisniewski is hit by Kris Russell and loses puck.
13:42 of 2nd period - Icing by Brooks Orpik.
13:43 of 2nd period - Bryan Little wins face-off versus Tomas Tatar in Hurricanes zone.
14:08 of 2nd period - Shot by James Neal.
14:08 of 2nd period - Stopped by Brian Elliott without a rebound.
14:09 of 2nd period - Sean Couturier wins face-off versus Brad Richardson in Rangers zone.
14:18 of 2nd period - Shot by Craig Smith.
14:18 of 2nd period - Stopped by Sergei Bobrovsky without a rebound.
14:19 of 2nd period - Alexander Killorn wins face-off versus Brad Richards in Hurricanes zone.
14:21 of 2nd period - Icing by Dustin Byfuglien.
14:22 of 2nd period - Alexander Killorn wins face-off versus Tomas Tatar in Hurricanes zone.
15:03 of 2nd period - Icing by Dustin Byfuglien.
15:04 of 2nd period - Matt Calvert wins face-off versus Alexander Killorn in Hurricanes zone.
15:09 of 2nd period - Shot by Matt Calvert.
15:09 of 2nd period - Goal by Matt Calvert - Hurricanes : 0 - Rangers : 4.
15:10 of 2nd period - Bryan Little wins face-off versus Sean Couturier in neutral zone.
15:33 of 2nd period - Minor Penalty to Nick Foligno for Hooking.
15:34 of 2nd period - Tomas Tatar wins face-off versus Patrick Maroon in Hurricanes zone.
15:41 of 2nd period - Shot by Jaromir Jagr.
15:41 of 2nd period - Stopped by Sergei Bobrovsky without a rebound.
15:42 of 2nd period - Jaromir Jagr wins face-off versus Patrick Maroon in Hurricanes zone.
15:47 of 2nd period - Shot by Mikael Backlund.
15:47 of 2nd period - Stopped by Sergei Bobrovsky with a rebound.
15:49 of 2nd period - Shot by Jaromir Jagr.
15:49 of 2nd period - Deflect By Tomas Tatar.
15:49 of 2nd period - Stopped by Sergei Bobrovsky without a rebound.
15:50 of 2nd period - Patrick Maroon wins face-off versus Tomas Tatar in Hurricanes zone.
17:15 of 2nd period - Shot by Benoit Pouliot.
17:15 of 2nd period - Shot Blocked by Dustin Byfuglien.
17:32 of 2nd period - Benoit Pouliot is hit by Ben Lovejoy and loses puck.
17:39 of 2nd period - Shot by Matt Calvert.
17:39 of 2nd period - Stopped by Sergei Bobrovsky without a rebound.
17:40 of 2nd period - James Neal wins face-off versus Brad Richards in Hurricanes zone.
17:51 of 2nd period - Shot by James Neal.
17:51 of 2nd period - Stopped by Brian Elliott without a rebound.
17:52 of 2nd period - Bryan Little wins face-off versus Sean Couturier in Rangers zone.
18:14 of 2nd period - Matt Calvert is hit by James Wisniewski and loses puck.
18:29 of 2nd period - Shot by Sean Couturier.
18:29 of 2nd period - Shot Hit the Post.
18:31 of 2nd period - Shot by Craig Smith.
18:31 of 2nd period - Deflect By Sean Couturier.
18:31 of 2nd period - Shot Blocked by Bryan Little.
19:00 of 2nd period - Minor Penalty to Michael Frolik for Hooking.
19:01 of 2nd period - Tyler Ennis wins face-off versus Scott Gomez in Hurricanes zone.
19:44 of 2nd period - Icing by David Jones.
19:45 of 2nd period - Tyler Ennis wins face-off versus Nick Foligno in Rangers zone.
19:55 of 2nd period - Shot by Chris Tanev.
19:55 of 2nd period - Shot Blocked by Brooks Orpik.
Goals for this period are 0 for Hurricanes vs 1 for Rangers.
Shots for this period are 7 for Hurricanes vs 20 for Rangers.

3rd period


0:01 of 3rd period - Tomas Tatar wins face-off versus Nick Foligno in neutral zone.
1:03 of 3rd period - Shot by Chris Tanev.
1:03 of 3rd period - Shot Misses the Net.
1:28 of 3rd period - Cedric Paquette is hit by Brian Strait.
2:29 of 3rd period - Shot by Benoit Pouliot.
2:29 of 3rd period - Shot Misses the Net.
2:50 of 3rd period - Icing by Benoit Pouliot.
2:51 of 3rd period - Tyler Ennis wins face-off versus Bryan Little in Rangers zone.
2:51 of 3rd period - Tyler Ennis is hit by Nick Foligno.
3:08 of 3rd period - James Neal is hit by Alex Goligoski.
3:11 of 3rd period - Bryan Little is hit by Kris Russell and loses puck.
3:23 of 3rd period - Icing by James Wisniewski.
3:24 of 3rd period - Bryan Little wins face-off versus Sean Couturier in Hurricanes zone.
3:24 of 3rd period - Bryan Little is hit by Matt Calvert.
3:52 of 3rd period - James Wisniewski is hit by Matt Calvert and loses puck.
3:58 of 3rd period - Sean Couturier is hit by James Wisniewski and loses puck.
4:10 of 3rd period - Icing by James Neal.
4:11 of 3rd period - Tomas Tatar wins face-off versus James Neal in Hurricanes zone.
4:11 of 3rd period - Mikael Backlund is hit by Ben Lovejoy and loses puck.
4:29 of 3rd period - Mikael Backlund is hit by Ben Lovejoy and loses puck.
4:38 of 3rd period - Shot by Tomas Tatar.
4:38 of 3rd period - Stopped by Sergei Bobrovsky without a rebound.
4:39 of 3rd period - Tyler Ennis wins face-off versus Scott Gomez in Hurricanes zone.
4:51 of 3rd period - Benoit Pouliot is hit by Dustin Byfuglien.
4:58 of 3rd period - David Jones is hit by Brooks Orpik and loses puck.
5:13 of 3rd period - Shot by David Jones.
5:13 of 3rd period - Stopped by Sergei Bobrovsky with a rebound.
6:07 of 3rd period - Shot by Tomas Tatar.
6:07 of 3rd period - Stopped by Sergei Bobrovsky with a rebound.
6:49 of 3rd period - Shot by Matt Calvert.
6:49 of 3rd period - Shot Misses the Net.
6:53 of 3rd period - Shot by Craig Smith.
6:53 of 3rd period - Stopped by Sergei Bobrovsky with a rebound.
7:49 of 3rd period - Shot by Alexander Killorn.
7:49 of 3rd period - Shot Blocked by Eric Brewer.
7:51 of 3rd period - Shot by Brian Boyle.
7:51 of 3rd period - Goal by Brian Boyle - Hurricanes : 1 - Rangers : 4.
7:52 of 3rd period - Tyler Ennis wins face-off versus Bryan Little in neutral zone.
7:52 of 3rd period - Kris Russell is hit by Nick Foligno and loses puck.
8:03 of 3rd period - Shot by James Neal.
8:03 of 3rd period - Stopped by Brian Elliott without a rebound.
8:04 of 3rd period - Scott Gomez wins face-off versus Tomas Tatar in Rangers zone.
8:32 of 3rd period - Icing by Kris Russell.
8:33 of 3rd period - James Neal wins face-off versus Tomas Tatar in Rangers zone.
8:44 of 3rd period - Shot by James Neal.
8:44 of 3rd period - Shot Misses the Net.
8:46 of 3rd period - Shot by Nick Foligno.
8:46 of 3rd period - Shot Misses the Net.
8:48 of 3rd period - Shot by Brooks Orpik.
8:48 of 3rd period - Stopped by Brian Elliott without a rebound.
8:49 of 3rd period - Alexander Killorn wins face-off versus Tyler Ennis in Rangers zone.
9:00 of 3rd period - Shot by Alexander Killorn.
9:00 of 3rd period - Stopped by Brian Elliott with a rebound.
9:23 of 3rd period - Off-side.
9:24 of 3rd period - Nick Foligno wins face-off versus Tomas Tatar in neutral zone.
9:27 of 3rd period - Shot by Nick Foligno.
9:27 of 3rd period - Stopped by Brian Elliott without a rebound.
9:28 of 3rd period - Tomas Tatar wins face-off versus Bryan Little in Rangers zone.
9:35 of 3rd period - Minor Penalty to Tomas Tatar for Slashing.
9:36 of 3rd period - Sean Couturier wins face-off versus Bryan Little in Rangers zone.
9:36 of 3rd period - Sean Couturier is hit by Nick Foligno.
9:49 of 3rd period - Sean Couturier is hit by Brooks Orpik and loses puck.
9:56 of 3rd period - Sean Couturier is hit by James Neal and loses puck.
11:01 of 3rd period - Shot by Brad Richardson.
11:01 of 3rd period - Stopped by Brian Elliott without a rebound.
11:02 of 3rd period - Sean Couturier wins face-off versus Bryan Little in Rangers zone.
11:02 of 3rd period - Alex Goligoski is hit by Nick Foligno.
12:14 of 3rd period - Off-side.
12:15 of 3rd period - Scott Gomez wins face-off versus Tomas Tatar in neutral zone.
12:27 of 3rd period - Kris Russell is hit by Brad Richardson and loses puck.
13:14 of 3rd period - Shot by Matt Calvert.
13:14 of 3rd period - Shot Misses the Net.
13:16 of 3rd period - Shot by Chris Tanev.
13:16 of 3rd period - Shot Blocked by Brian Strait.
13:18 of 3rd period - Shot by Matt Calvert.
13:18 of 3rd period - Shot Misses the Net.
13:20 of 3rd period - Shot by Sean Couturier.
13:20 of 3rd period - Stopped by Sergei Bobrovsky without a rebound.
13:21 of 3rd period - Tyler Ennis wins face-off versus Bryan Little in Hurricanes zone.
13:50 of 3rd period - Shot by Bryan Little.
13:50 of 3rd period - Shot Misses the Net.
13:52 of 3rd period - Shot by Bryan Little.
13:52 of 3rd period - Shot Blocked by Benoit Pouliot.
14:37 of 3rd period - Off-side.
14:38 of 3rd period - Alexander Killorn wins face-off versus Tomas Tatar in neutral zone.
14:44 of 3rd period - Icing by Kris Russell.
14:45 of 3rd period - Leo Komarov wins face-off versus Tomas Tatar in Rangers zone.
14:49 of 3rd period - Icing by Alex Goligoski.
14:50 of 3rd period - Scott Gomez wins face-off versus Tomas Tatar in Rangers zone.
15:46 of 3rd period - Icing by James Wisniewski.
15:47 of 3rd period - Scott Gomez wins face-off versus Tyler Ennis in Hurricanes zone.
16:10 of 3rd period - Chris Tanev is hit by Nick Foligno and loses puck.
16:38 of 3rd period - Shot by Bryan Little.
16:38 of 3rd period - Stopped by Brian Elliott without a rebound.
16:39 of 3rd period - Sean Couturier wins face-off versus Leo Komarov in Rangers zone.
16:39 of 3rd period - Sean Couturier is hit by Leo Komarov.
16:46 of 3rd period - Eric Brewer is hit by Brian Strait and loses puck.
18:05 of 3rd period - Shot by Nick Foligno.
18:05 of 3rd period - Stopped by Brian Elliott without a rebound.
18:06 of 3rd period - Tyler Ennis wins face-off versus Bryan Little in Rangers zone.
18:06 of 3rd period - Tyler Ennis is hit by Nick Foligno.
18:38 of 3rd period - Nick Foligno is hit by Karl Alzner.
18:44 of 3rd period - Shot by Nick Foligno.
18:44 of 3rd period - Deflect By James Neal.
18:44 of 3rd period - Shot Misses the Net.
18:46 of 3rd period - Shot by Bryan Little.
18:46 of 3rd period - Shot Misses the Net.
18:48 of 3rd period - Shot by James Neal.
18:48 of 3rd period - Shot Misses the Net.
19:03 of 3rd period - Scott Gomez is hit by Karl Alzner and loses puck.
Goals for this period are 1 for Hurricanes vs 0 for Rangers.
Shots for this period are 8 for Hurricanes vs 5 for Rangers.